 Dungeon Crawl Stone Soup version 0.28-a0-172-g787e458d71 (webtiles) character file.

Game seed: 6139634855053555788

54 rabbitsville the Conjurer (level 3, -1/14 HPs)
             Began as a Felid Conjurer on Aug 17, 2021.
             Slain by an orc wizard (3 damage)
             ... on level 3 of the Dungeon.
             The game lasted 00:19:02 (2762 turns).

rabbitsville the Conjurer (Felid Conjurer)          Turns: 2762, Time: 00:19:02

Health: -1/14      AC:  1    Str:  3    XL:     3   Next: 66%
Magic:  3/8        EV: 21    Int: 20    God:
Gold:   61         SH:  0    Dex: 14    Spells: 4/7 levels left
                                        Lives:  0   Deaths: 1

rFire   . . .      SeeInvis +   (weapon unavailable)
rCold   . . .      Faith    .   (shield unavailable)
rNeg    . . .      Spirit   .   (armour unavailable)
rPois   .          Reflect  .   (helmet unavailable)
rElec   .          Harm     .   (cloak unavailable)
rCorr   .          Rampage  .   (gloves unavailable)
Will    .....                   (boots unavailable)
Stlth   +.........              b - amulet of regeneration
HPRegen 1.04/turn               f - ring of wizardry
MPRegen 0.11/turn               m - +4 ring of evasion

@: confused, quick
A: very small, claws 1, fangs 3, see invisible, speed 1, shaggy fur 1, stealthy
paws, no weapons or thrown items, no armour, multi-lived
a: no special abilities


You were on level 3 of the Dungeon.
You visited 1 branch of the dungeon, and saw 3 of its levels.

You collected 61 gold pieces.

Inventory:

Jewellery
 b - an amulet of regeneration (around neck)
 f - a ring of wizardry (left paw)
 m - a +4 ring of evasion (right paw)
Scrolls
 a - 2 scrolls of teleportation {unknown}
 c - 2 scrolls of identify {unknown}
 d - a scroll of torment {unknown}
 e - a scroll of magic mapping {unknown}
 h - a scroll of amnesia {unknown}
 i - a scroll of blinking {unknown}
 j - a scroll of fear {unknown}
 l - a scroll of enchant armour {unknown}
Potions
 g - a potion of curing {unknown}
 k - a potion of haste


   Skills:
 - Level 2.6 Dodging
 + Level 4.1 Stealth
 + Level 2.8 Spellcasting
 * Level 4.6 Conjurations
 + Level 0.1 Summonings


You had 4 spell levels left.
You knew the following spells:

 Your Spells              Type           Power      Damage    Failure   Level
a - Magic Dart            Conj           84%        1d7       1%          1
b - Searing Ray           Conj           42%        3d4       1%          2

Your spell library contained the following spells:

 Spells                   Type           Power      Damage    Failure   Level
 Dazzling Flash           Conj/Hex       24%        N/A       7%          3
 Fulminant Prism          Conj/Hex       6%         3d7       22%         4
 Iskenderun's Mystic Bla  Conj/Tloc      12%        2d5       22%         4
 Summon Forest            Summ/Tloc      1%         N/A       80%         5
 Summon Mana Viper        Hex/Summ       3%         N/A       80%         5
 Eringya's Noxious Bog    Tmut/Pois      1%         N/A       100%        6
 Shadow Creatures         Summ           N/A        N/A       100%        6
 Summon Hydra             Summ           1%         N/A       100%        7


Dungeon Overview and Level Annotations

Branches:
Dungeon (3/15)

Altars:

Annotations:
D:2 Sigmund


Innate Abilities, Weirdness & Mutations

You have sharp claws.
You have razor-sharp teeth.
You have supernaturally acute eyesight. (SInv)
You cover ground quickly. (Speed+)
You are covered in fur. (AC +1)
Your paws help you pounce on unaware monsters.
You are incapable of wielding weapons or throwing items.
You cannot wear armour.
You gain extra lives every three experience levels.


Message History

The orc shouts!
The searing ray hits the orc wizard!
The orc wizard is almost dead.
The orc wizard casts a spell at you.
You are confused.
The orc wizard barely misses you.
An orc comes into view. It is wielding a +0 falchion.
The orc shouts!
The orc wizard hits you with a +0 dagger.
The orc wizard completely misses you.
The orc wizard hits you with a +0 dagger.
You're too confused to cast spells.
Sorry, you're not good enough to have a special ability.
You're too confused to cast spells.
The orc wizard gestures at you while chanting.
You are more confused.
The orc wizard casts a spell at you. You resist with some effort.
The orc wizard hits you with a +0 dagger.
The orc wizard gestures at you while chanting.
You resist with some effort.
You miss the orc wizard.
The orc wizard is almost dead.
The orc wizard hits you with a +0 dagger.
The orc wizard points at you and mumbles some strange words.
You are more confused.
You're too confused to cast spells.
You bump into the rock wall.
The orc wizard misses you. x2
You bump into the rock wall.
The orc wizard barely misses you.
The orc wizard points at you and mumbles some strange words.
The puff of flame misses you.
The puff of flame hits the orc wizard.
The orc wizard completely misses you.
You're too confused to cast spells.
You bump into the rock wall.
The orc wizard hits you with a +0 dagger. x2
* * * LOW HITPOINT WARNING * * *
You are too confused!
You bump into the rock wall.
The orc wizard hits you with a +0 dagger.
You die...

#.#..................#.
#o#..............(.....
####.##'####...........÷..
#....##.# #...........#..
##.####.# #..............
#....#.# #..............
#.##...# #..............
#.....##########.........
#......o@ooo.....#.#.#.#.
####.######o.............
#.# ##.###.#.#.#.#.#
###.####.#..............
#.)<........##.#########
#........#........)(....
#........######)#######.
###..........##.†.# #.
#..........####.# #.


You could see 2 orc wizards and 3 orcs.

Vanquished Creatures
  4 gnolls (D:3)
  2 adders
  A worm (D:3)
  5 orcs (D:3)
  5 ball pythons
  2 endoplasms
  A giant cockroach (D:1)
  5 goblins
  3 hobgoblins
  4 jackals
  2 quokkas
  2 bats
  3 kobolds
  3 rats (D:1)
42 creatures vanquished.

Notes
Turn   | Place    | Note
-------+----------+-------------------------------------------
     0 | D:1      | rabbitsville the Felid Conjurer began the quest for the
                  | Orb.
     0 | D:1      | Reached XP level 1. HP: 7/7 MP: 4/4
   307 | D:1      | Reached XP level 2. HP: 11/11 MP: 3/6
   422 | D:1      | Learned a level 2 spell: Searing Ray
  1387 | D:2      | Reached XP level 3. HP: 14/14 MP: 1/7
  2388 | D:3      | Reached XP level 4. HP: 18/18 MP: 4/8
  2467 | D:3      | Noticed Sigmund
  2496 | D:3      | Killed from afar by an orc priest
  2497 | D:3      | Reached XP level 3. HP: -8/14 MP: 0/8
  2762 | D:3      | Slain by an orc wizard

Illustrated notes

Levels and vault maps discovered:
D:1:      wander_arrival_estate, layout_basic
D:2:      layout_basic
D:3:      layout_basic, serial_park_tiny_2, minmay_misc_feat_enclosed,
          minmay_misc_feat_pillars, uniq_sigmund

Skill      XL: |  1  2  3  4 |
---------------+-------------+-----
Stealth        | 3 4 |  4.1
Conjurations   | 4 |  4.6
Dodging        | |  2.6
Spellcasting   | |  2.8
Summonings     | |  0.1

Action                   |  1- 3 |  4- 6 || total
-------------------------+-------+-------++-------
Melee: Unarmed           |     1 |    23 ||    24
 Cast: Magic Dart        |    40 |     4 ||    44
       Searing Ray       |    22 |     3 ||    25
Armor: Skin              |     4 |       ||     4
Dodge: Dodged            |    41 |    21 ||    62

Table legend: (Time is in decaauts)
 A = Elapsed time spent in this place.
 B = Non-inter-level travel time spent in this place.
 C = Inter-level travel time spent in this place.
 D = Time resting spent in this place.
 E = Time spent auto-exploring this place.
 F = Levels seen in this place.
 G = Mean time per level.
                   A        B        C        D        E       F      G
               +--------+--------+--------+--------+--------+-----+--------+
         Total |   2369 |   2326 |     43 |    527 |    691 |   3 |  789.7 |
       Dungeon |   2369 |   2326 |     43 |    527 |    691 |   3 |  789.7 |
               +--------+--------+--------+--------+--------+-----+--------+

Top non-repeatable levels by time:
     D:2: 952 daAuts
     D:1: 840 daAuts
     D:3: 576 daAuts
